 Dungeon Crawl Stone Soup version 0.31.0-11-ge490571c62 (webtiles) character file.

Game seed: 4241376599959903228

2840 mopl the Summoner (level 9, -2/45 HPs)
             Began as a Tengu Summoner on Feb 10, 2024.
             Was an Initiate of Sif Muna.
             Slain by an ice beast (14 damage)
             ... on level 6 of the Dungeon.
             The game lasted 00:10:49 (5041 turns).

mopl the Summoner (Tengu Summoner)                  Turns: 5041, Time: 00:10:50

Health: -2/45      AC:  4    Str:  8    XL:     9   Next: 74%
Magic:  18/21      EV: 16    Int: 20    God:    Sif Muna [......]
Gold:   291        SH:  0    Dex: 15    Spells: 9/23 levels left

rFire   . . .        a - +2 trident (drain)
rCold   . . .        (no shield)
rNeg    . . .        s - +0 robe
rPois   +            (helmet restricted)
rElec   .            y - +1 cloak {rPois}
rCorr   .            (no gloves)
SInv    .            (boots unavailable)
Will    .....        v - amulet of magic regeneration
Stlth   ++           (no ring)
HPRegen 0.27/turn    (no ring)
MPRegen 0.57/turn

%: acrobat
@: flying, inugami summoned
A: beak, talons 3, evasive flight, acrobatic
a: Renounce Religion


You were on level 6 of the Dungeon.
You worshipped Sif Muna.
Sif Muna was noncommittal.
You visited 2 branches of the dungeon, and saw 7 of its levels.

You collected 291 gold pieces.

Inventory:

Hand Weapons
 a - a +2 trident of draining (weapon)
 b - a +2 quarterstaff of chaos
 c - a +0 dagger
 D - a +0 hand axe of flaming
Missiles
 p - 25 poisoned darts
 M - a curare-tipped dart
Armour
 d - a +0 ring mail
 r - a +0 kite shield
 s - a +0 robe (worn)
 y - a +1 cloak of poison resistance (worn)
 L - an orb of guile
Jewellery
 v - an amulet of magic regeneration (around neck)
Wands
 A - a wand of iceblast (22)
 C - a wand of flame (62)
 F - a wand of polymorph (2)
 K - a wand of light (7)
Scrolls
 k - a scroll of torment {unknown}
 m - a scroll of revelation {unknown}
 o - a scroll of poison {unknown}
 q - 3 scrolls of immolation {unknown}
 u - 2 scrolls of silence {unknown}
 B - 2 scrolls of teleportation {unknown}
 G - a scroll of fog {unknown}
 H - a scroll of brand weapon {unknown}
 I - a scroll of fear {unknown}
Potions
 e - 2 potions of attraction
 f - 5 potions of heal wounds {unknown}
 g - a potion of brilliance
 h - a potion of might
 i - 4 potions of curing {unknown}
 j - 2 potions of resistance {unknown}
 l - 3 potions of degeneration {unknown}
 n - a potion of haste
 t - 2 potions of enlightenment
 w - a potion of cancellation
 x - a potion of mutation
 z - a potion of magic
 E - a potion of berserk rage
 J - a potion of lignification


   Skills:
 + Level 5.6 Polearms
 - Level 2.1 Dodging
 - Level 2.0 Stealth
 + Level 2.5 Shields
 * Level 7.8 Spellcasting
 * Level 11.0 Summonings


You had 9 spell levels left.
You knew the following spells:

 Your Spells              Type           Power      Damage    Failure   Level
a - Summon Lightning Spi  Summ/Air       29%        N/A       9%          4
b - Call Imp              Summ           100%       N/A       1%          2
c - Call Canine Familiar  Summ           51%        N/A       1%          3
d - Summon Small Mammal   Summ           100%       N/A       1%          1
g - Summon Blazeheart Go  Fire/Summ      29%        N/A       9%          4

Your spell library contained the following spells:

 Spells                   Type           Power      Damage    Failure   Level
 Sublimation of Blood     Necr           7%         N/A       13%         2
 Summon Hydra             Summ           25%        N/A       63%         7


Dungeon Overview and Level Annotations

Branches:
Dungeon (6/15)             Temple (1/1) D:6

Altars:
Ashenzari
Dithmenos
Elyvilon
Fedhas
Gozag
Kikubaaqudgha
Nemelex Xobeh
Ru
Sif Muna
Trog
Uskayaw
Vehumet
Xom
Yredelemnul
Zin
The Shining One

Shops:
D:5 [


Innate Abilities, Weirdness & Mutations

You have a beak for a mouth.
You have claws for feet.
Your magical flight helps you evade attacks. (EV +4)
You can magically evade attacks while moving or waiting.


Message History

No target in view!
No target in view!
No target in view!
No target in view!
M - a curare-tipped dart;
p - 25 poisoned darts (gained 7)
Items here: ( ))))))) ††††.
You now have 291 gold pieces (gained 6).
There is a hide-covered altar of Uskayaw here.
Your inugami disappears in a puff of smoke!
Items here: ( ))))))) ††††.
HP restored.
There is an open door here.
Found a leather armour.
An ice beast comes into view.
You reach to attack!
The helpless ice beast fails to defend itself.
You hit the ice beast.
The ice beast is lightly wounded.
You hit the ice beast but do no damage. Your peck misses the ice beast.
The ice beast is lightly wounded.
The ice beast closely misses you.
You barely miss the ice beast. Your kick misses the ice beast.
Your punch misses the ice beast.
The ice beast is lightly wounded.
The ice beast hits you but does no damage.
The ice beast hits you. The ice beast freezes you!
You barely miss the ice beast.
You peck the ice beast, but do no damage.
The ice beast is lightly wounded.
The ice beast hits you. The ice beast freezes you!
You are too injured to fight recklessly!
You are too injured to fight recklessly!
You are too injured to fight recklessly!
Casting: Call Canine Familiar (safe; 1% risk of failure)
Confirm with . or Enter, or press ? or * to list all spells.
You call for your canine familiar and it appears with a howl!
The ice beast hits you.
* * * LOW HITPOINT WARNING * * *
The ice beast freezes you!
You die...

..... ##### ##....
###.#.##.##...######
#.#............#....
###...................
#......h.............#
#..Y.!#............##
####@##...##....#...# ###
##..[.........#.#..
#####.####...............##.
#........##...^#..........##
###.....#.......###....<...###
#.##....##......##.....>...# #
##.##....#........##........###
#................##.........##.
#..##.......##.#..#............


You could see an ice beast (ally target) and a friendly inugami (summoned).

Vanquished Creatures
  An orc warrior (D:4)
  2 ogres
  A centaur (D:5)
  A weeping skull (D:4)
  2 kobold brigands (D:6)
  A scorpion (D:4)
  A jelly (D:6)
  3 hounds (D:5)
  2 orc priests (D:4)
  Ijyb (D:3)
  An adder (D:4)
  4 gnolls
  An ufetubus (D:5)
  2 ribbon worms (D:2)
  A dart slug (D:1)
  7 orcs
  3 ball pythons
  9 endoplasms
  2 giant cockroaches
  7 goblins
  3 hobgoblins
  16 kobolds
  7 quokkas
  5 bats
  2 frilled lizards (D:1)
  6 rats
  A spectral orc (D:4)
92 creatures vanquished.

Vanquished Creatures (collateral kills)
  Pikel (D:6)
  Jeremiah (D:6)
  Sigmund (D:3)
  Menkaure (D:6)
  A water moccasin (D:5)
  A sky beast (D:6)
  An ice beast (D:5)
  An ogre (D:5)
  A lemure (D:6)
  3 phantoms (D:5)
  A scorpion (D:4)
  A bombardier beetle (D:4)
  A hound (D:5)
  Crazy Yiuf (D:3)
  An orc priest (D:4)
  A sleepcap (D:6)
  2 orc wizards
  5 gnolls
  2 adders (D:2)
  A dart slug (D:4)
  A ribbon worm (D:2)
  2 orcs (D:4)
  2 goblins (D:2)
  2 hobgoblins
  3 jackals (D:2)
  6 kobolds
  A bat (D:1)
45 creatures vanquished.

Vanquished Creatures (others)
  An orc (D:4)
1 creature vanquished.

Grand Total: 138 creatures vanquished

Notes
Turn   | Place    | Note
-------+----------+-------------------------------------------
     0 | D:1      | mopl the Tengu Summoner began the quest for the Orb.
     0 | D:1      | Reached XP level 1. HP: 10/10 MP: 4/4
    68 | D:1      | Reached skill level 5 in Summonings
    87 | D:1      | Reached XP level 2. HP: 15/15 MP: 6/6
    90 | D:1      | Learned a level 2 spell: Call Imp
   327 | D:1      | Reached XP level 3. HP: 16/19 MP: 7/7
   331 | D:1      | Learned a level 3 spell: Call Canine Familiar
   876 | D:2      | Reached XP level 4. HP: 9/24 MP: 3/9
  1034 | D:2      | Reached skill level 6 in Summonings
  1309 | D:2      | Found a faded altar of an unknown god.
  1564 | D:3      | Reached XP level 5. HP: 19/28 MP: 11/11
  1604 | D:3      | Found a sacrificial altar of Ru.
  1605 | D:3      | Noticed Sigmund
  1660 | D:3      | Killed Sigmund
  1661 | D:3      | Reached skill level 1 in Polearms
  1661 | D:3      | Reached skill level 7 in Summonings
  1661 | D:3      | Reached XP level 6. HP: 11/32 MP: 11/13
  1824 | D:3      | Found a runed translucent door.
  1825 | D:3      | Noticed Crazy Yiuf
  1881 | D:3      | Killed Crazy Yiuf
  1925 | D:3      | Noticed Ijyb
  1975 | D:3      | Killed Ijyb
  2189 | D:3      | Found a radiant altar of Vehumet.
  2381 | D:4      | Gained mutation: Your magical flight helps you evade
                  | attacks. (EV +4) [Tengu growth]
  2381 | D:4      | Reached XP level 7. HP: 24/36 MP: 13/15
  2417 | D:4      | Learned a level 4 spell: Summon Blazeheart Golem
  2422 | D:4      | Learned a level 4 spell: Summon Lightning Spire
  2660 | D:4      | Found a basalt altar of Yredelemnul.
  2716 | D:4      | Reached skill level 5 in Spellcasting
  2721 | D:4      | Reached skill level 8 in Summonings
  3257 | D:5      | Entered Level 5 of the Dungeon
  3294 | D:5      | Reached XP level 8. HP: 36/41 MP: 17/17
  3505 | D:5      | Found Fycyhu's Armour Shoppe.
  3599 | D:5      | Reached skill level 9 in Summonings
  4468 | D:6      | Noticed Jeremiah
  4520 | D:6      | Killed Jeremiah
  4521 | D:6      | Reached skill level 1 in Shields
  4521 | D:6      | Reached skill level 10 in Summonings
  4521 | D:6      | Reached XP level 9. HP: 36/45 MP: 18/20
  4547 | D:6      | Reached skill level 5 in Polearms
  4735 | D:6      | Noticed Menkaure
  4742 | D:6      | Killed Menkaure
  4776 | D:6      | Noticed Pikel
  4783 | D:6      | Killed Pikel
  4821 | D:6      | Found a staircase to the Ecumenical Temple.
  4866 | Temple   | Entered the Ecumenical Temple
  4879 | Temple   | Became a worshipper of Sif Muna the Loreminder
  4944 | D:6      | Found a hide-covered altar of Uskayaw.
  4957 | D:6      | Reached skill level 11 in Summonings
  5041 | D:6      | Slain by an ice beast

Illustrated notes

Levels and vault maps discovered:
D:1:      lightli_arrival_quake, layout_loops_ring
D:2:      layout_basic, basic_ecumenical_altar
D:3:      layout_loops_ring, vehumet_altar_wand_db,
          mainiacjoe_overflow_cross_hatched, uniq_ijyb, uniq_crazy_yiuf_cottage,
          uniq_sigmund
D:4:      layout_rooms, nicolae_overflow_hidden_temple,
          yredelemnul_forgotten_temple_becter
D:5:      layout_basic, serial_shops, shop, minmay_fractal_squares_gapless_5
D:6:      layout_cave_pools, nicolae_uskayaw_dance_studio,
          minmay_temple_entry_overgrown, uniq_jeremiah, uniq_menkaure,
          uniq_pikel
Temple:   nicolae_temple_hex_pool

Skill      XL: |  1  2  3  4  5  6  7  8  9 |
---------------+----------------------------+-----
Summonings     | 5 6 7 8 10 11 | 11.0
Spellcasting   | 3 4 5 7 |  7.8
Polearms       | 1 2 3 4 5 |  5.6
Shields        | 1 2 |  2.5
Dodging        | |  2.1
Stealth        | |  2.0

Action                     |  1- 3 |  4- 6 |  7- 9 || total
---------------------------+-------+-------+-------++-------
  Melee: Unarmed           |     8 |       |       ||     8
         Dagger            |    73 |    24 |       ||    97
         Kick              |    24 |    22 |    43 ||    89
         Peck              |     8 |     9 |    27 ||    44
         Spear             |       |    94 |   142 ||   236
         Quarterstaff      |       |     5 |       ||     5
         Punch             |       |       |     1 ||     1
         Trident           |       |       |    48 ||    48
   Cast: Call Imp          |     5 |     8 |    16 ||    29
         Call Canine Famil |     1 |     7 |    16 ||    24
         Summon Small Mamm |       |       |     2 ||     2
         Summon Lightning  |       |       |     5 ||     5
  Evoke: Wand              |       |       |     2 ||     2
    Use: Scroll            |       |       |     9 ||     9
   Stab: Sleeping          |     3 |    12 |     2 ||    17
         Distracted        |       |     1 |     1 ||     2
 Armour: Robe              |    41 |    39 |    63 ||   143
  Dodge: Dodged            |    54 |    53 |    85 ||   192
